%YAML 1.1
%TAG !u! tag:unity3d.com,2011:
--- !u!1 &506589546
GameObject:
  m_ObjectHideFlags: 0
  m_CorrespondingSourceObject: {fileID: 0}
  m_PrefabInstance: {fileID: 0}
  m_PrefabAsset: {fileID: 0}
  serializedVersion: 6
  m_Component:
  - component: {fileID: 506589547}
  - component: {fileID: 506589548}
  - component: {fileID: 506589549}
  - component: {fileID: 506589550}
  m_Layer: 0
  m_Name: Door
  m_TagString: Untagged
  m_Icon: {fileID: 0}
  m_NavMeshLayer: 0
  m_StaticEditorFlags: 0
  m_IsActive: 1
--- !u!4 &506589547
Transform:
  m_ObjectHideFlags: 0
  m_CorrespondingSourceObject: {fileID: 0}
  m_PrefabInstance: {fileID: 0}
  m_PrefabAsset: {fileID: 0}
  m_GameObject: {fileID: 506589546}
  m_LocalRotation: {x: 0, y: 0, z: 0, w: 1}
  m_LocalPosition: {x: 0, y: 0, z: 10}
  m_LocalScale: {x: 1, y: 1, z: 1}
  m_Children: []
  m_Father: {fileID: 6156638790621982793}
  m_RootOrder: 2
  m_LocalEulerAnglesHint: {x: 0, y: 0, z: 0}
--- !u!95 &506589548
Animator:
  serializedVersion: 3
  m_ObjectHideFlags: 0
  m_CorrespondingSourceObject: {fileID: 0}
  m_PrefabInstance: {fileID: 0}
  m_PrefabAsset: {fileID: 0}
  m_GameObject: {fileID: 506589546}
  m_Enabled: 1
  m_Avatar: {fileID: 0}
  m_Controller: {fileID: 9100000, guid: 137c63789277a36468a096c6fdaee161, type: 2}
  m_CullingMode: 0
  m_UpdateMode: 0
  m_ApplyRootMotion: 0
  m_LinearVelocityBlending: 0
  m_WarningMessage: 
  m_HasTransformHierarchy: 1
  m_AllowConstantClipSamplingOptimization: 1
  m_KeepAnimatorControllerStateOnDisable: 0
--- !u!212 &506589549
SpriteRenderer:
  m_ObjectHideFlags: 0
  m_CorrespondingSourceObject: {fileID: 0}
  m_PrefabInstance: {fileID: 0}
  m_PrefabAsset: {fileID: 0}
  m_GameObject: {fileID: 506589546}
  m_Enabled: 1
  m_CastShadows: 0
  m_ReceiveShadows: 0
  m_DynamicOccludee: 1
  m_MotionVectors: 1
  m_LightProbeUsage: 1
  m_ReflectionProbeUsage: 1
  m_RayTracingMode: 0
  m_RayTraceProcedural: 0
  m_RenderingLayerMask: 1
  m_RendererPriority: 0
  m_Materials:
  - {fileID: 2100000, guid: 9dfc825aed78fcd4ba02077103263b40, type: 2}
  m_StaticBatchInfo:
    firstSubMesh: 0
    subMeshCount: 0
  m_StaticBatchRoot: {fileID: 0}
  m_ProbeAnchor: {fileID: 0}
  m_LightProbeVolumeOverride: {fileID: 0}
  m_ScaleInLightmap: 1
  m_ReceiveGI: 1
  m_PreserveUVs: 0
  m_IgnoreNormalsForChartDetection: 0
  m_ImportantGI: 0
  m_StitchLightmapSeams: 1
  m_SelectedEditorRenderState: 0
  m_MinimumChartSize: 4
  m_AutoUVMaxDistance: 0.5
  m_AutoUVMaxAngle: 89
  m_LightmapParameters: {fileID: 0}
  m_SortingLayerID: 0
  m_SortingLayer: 0
  m_SortingOrder: -2
  m_Sprite: {fileID: 8981581161614774917, guid: 29ee4f4a4d4acd54993ea0d318415a0a,
    type: 3}
  m_Color: {r: 1, g: 1, b: 1, a: 1}
  m_FlipX: 0
  m_FlipY: 0
  m_DrawMode: 0
  m_Size: {x: 2, y: 3}
  m_AdaptiveModeThreshold: 0.5
  m_SpriteTileMode: 0
  m_WasSpriteAssigned: 1
  m_MaskInteraction: 0
  m_SpriteSortPoint: 0
--- !u!114 &506589550
MonoBehaviour:
  m_ObjectHideFlags: 0
  m_CorrespondingSourceObject: {fileID: 0}
  m_PrefabInstance: {fileID: 0}
  m_PrefabAsset: {fileID: 0}
  m_GameObject: {fileID: 506589546}
  m_Enabled: 1
  m_EditorHideFlags: 0
  m_Script: {fileID: 11500000, guid: f62d31d525a7f774ea34032e73027f51, type: 3}
  m_Name: 
  m_EditorClassIdentifier: 
  lct: {fileID: 7215370791666673092}
--- !u!1 &6156638790621982792
GameObject:
  m_ObjectHideFlags: 0
  m_CorrespondingSourceObject: {fileID: 0}
  m_PrefabInstance: {fileID: 0}
  m_PrefabAsset: {fileID: 0}
  serializedVersion: 6
  m_Component:
  - component: {fileID: 6156638790621982793}
  - component: {fileID: 4437751486985735961}
  - component: {fileID: 7215370791666673092}
  m_Layer: 0
  m_Name: LevelChangeTrigger
  m_TagString: Untagged
  m_Icon: {fileID: 0}
  m_NavMeshLayer: 0
  m_StaticEditorFlags: 0
  m_IsActive: 1
--- !u!4 &6156638790621982793
Transform:
  m_ObjectHideFlags: 0
  m_CorrespondingSourceObject: {fileID: 0}
  m_PrefabInstance: {fileID: 0}
  m_PrefabAsset: {fileID: 0}
  m_GameObject: {fileID: 6156638790621982792}
  m_LocalRotation: {x: 0, y: 0, z: 0, w: 1}
  m_LocalPosition: {x: 0, y: 0, z: 0}
  m_LocalScale: {x: 1, y: 1, z: 1}
  m_Children:
  - {fileID: 3767744177166413335}
  - {fileID: 7792011278969493095}
  - {fileID: 506589547}
  m_Father: {fileID: 0}
  m_RootOrder: 0
  m_LocalEulerAnglesHint: {x: 0, y: 0, z: 0}
--- !u!61 &4437751486985735961
BoxCollider2D:
  m_ObjectHideFlags: 0
  m_CorrespondingSourceObject: {fileID: 0}
  m_PrefabInstance: {fileID: 0}
  m_PrefabAsset: {fileID: 0}
  m_GameObject: {fileID: 6156638790621982792}
  m_Enabled: 1
  m_Density: 1
  m_Material: {fileID: 0}
  m_IsTrigger: 1
  m_UsedByEffector: 0
  m_UsedByComposite: 0
  m_Offset: {x: 0, y: -0.64}
  m_SpriteTilingProperty:
    border: {x: 0, y: 0, z: 0, w: 0}
    pivot: {x: 0.5, y: 0.5}
    oldSize: {x: 2, y: 3}
    newSize: {x: 2, y: 3}
    adaptiveTilingThreshold: 0.5
    drawMode: 0
    adaptiveTiling: 0
  m_AutoTiling: 0
  serializedVersion: 2
  m_Size: {x: 1.75, y: 2.2}
  m_EdgeRadius: 0
--- !u!114 &7215370791666673092
MonoBehaviour:
  m_ObjectHideFlags: 0
  m_CorrespondingSourceObject: {fileID: 0}
  m_PrefabInstance: {fileID: 0}
  m_PrefabAsset: {fileID: 0}
  m_GameObject: {fileID: 6156638790621982792}
  m_Enabled: 1
  m_EditorHideFlags: 0
  m_Script: {fileID: 11500000, guid: 6e0862f84099b434b90e12fee3ab0908, type: 3}
  m_Name: 
  m_EditorClassIdentifier: 
  nextLevel: level_1
  controllerInteractPrompt: {fileID: 3767744177166413334}
  keyboardInteractPrompt: {fileID: 7792011278969493094}
  doorAnimator: {fileID: 506589548}
--- !u!1001 &136429995
PrefabInstance:
  m_ObjectHideFlags: 0
  serializedVersion: 2
  m_Modification:
    m_TransformParent: {fileID: 6156638790621982793}
    m_Modifications:
    - target: {fileID: 3767744177302745020, guid: 578d17974f02e184fa305ff14fd5af7f,
        type: 3}
      propertyPath: m_LocalPosition.x
      value: 0
      objectReference: {fileID: 0}
    - target: {fileID: 3767744177302745020, guid: 578d17974f02e184fa305ff14fd5af7f,
        type: 3}
      propertyPath: m_LocalPosition.y
      value: 2.000001
      objectReference: {fileID: 0}
    - target: {fileID: 3767744177302745020, guid: 578d17974f02e184fa305ff14fd5af7f,
        type: 3}
      propertyPath: m_LocalPosition.z
      value: -1
      objectReference: {fileID: 0}
    - target: {fileID: 3767744177302745020, guid: 578d17974f02e184fa305ff14fd5af7f,
        type: 3}
      propertyPath: m_LocalRotation.x
      value: 0
      objectReference: {fileID: 0}
    - target: {fileID: 3767744177302745020, guid: 578d17974f02e184fa305ff14fd5af7f,
        type: 3}
      propertyPath: m_LocalRotation.y
      value: 0
      objectReference: {fileID: 0}
    - target: {fileID: 3767744177302745020, guid: 578d17974f02e184fa305ff14fd5af7f,
        type: 3}
      propertyPath: m_LocalRotation.z
      value: 0
      objectReference: {fileID: 0}
    - target: {fileID: 3767744177302745020, guid: 578d17974f02e184fa305ff14fd5af7f,
        type: 3}
      propertyPath: m_LocalRotation.w
      value: 1
      objectReference: {fileID: 0}
    - target: {fileID: 3767744177302745020, guid: 578d17974f02e184fa305ff14fd5af7f,
        type: 3}
      propertyPath: m_RootOrder
      value: 0
      objectReference: {fileID: 0}
    - target: {fileID: 3767744177302745020, guid: 578d17974f02e184fa305ff14fd5af7f,
        type: 3}
      propertyPath: m_LocalEulerAnglesHint.x
      value: 0
      objectReference: {fileID: 0}
    - target: {fileID: 3767744177302745020, guid: 578d17974f02e184fa305ff14fd5af7f,
        type: 3}
      propertyPath: m_LocalEulerAnglesHint.y
      value: 0
      objectReference: {fileID: 0}
    - target: {fileID: 3767744177302745020, guid: 578d17974f02e184fa305ff14fd5af7f,
        type: 3}
      propertyPath: m_LocalEulerAnglesHint.z
      value: 0
      objectReference: {fileID: 0}
    - target: {fileID: 3767744177302745021, guid: 578d17974f02e184fa305ff14fd5af7f,
        type: 3}
      propertyPath: m_Name
      value: YButtonAnimation
      objectReference: {fileID: 0}
    - target: {fileID: 3767744177302745021, guid: 578d17974f02e184fa305ff14fd5af7f,
        type: 3}
      propertyPath: m_IsActive
      value: 1
      objectReference: {fileID: 0}
    m_RemovedComponents: []
  m_SourcePrefab: {fileID: 100100000, guid: 578d17974f02e184fa305ff14fd5af7f, type: 3}
--- !u!1 &3767744177166413334 stripped
GameObject:
  m_CorrespondingSourceObject: {fileID: 3767744177302745021, guid: 578d17974f02e184fa305ff14fd5af7f,
    type: 3}
  m_PrefabInstance: {fileID: 136429995}
  m_PrefabAsset: {fileID: 0}
--- !u!4 &3767744177166413335 stripped
Transform:
  m_CorrespondingSourceObject: {fileID: 3767744177302745020, guid: 578d17974f02e184fa305ff14fd5af7f,
    type: 3}
  m_PrefabInstance: {fileID: 136429995}
  m_PrefabAsset: {fileID: 0}
--- !u!1001 &1146488671735589718
PrefabInstance:
  m_ObjectHideFlags: 0
  serializedVersion: 2
  m_Modification:
    m_TransformParent: {fileID: 6156638790621982793}
    m_Modifications:
    - target: {fileID: 7191102527534759216, guid: be9c1067fa684ff46923fd1d36c231c7,
        type: 3}
      propertyPath: m_Name
      value: VKeyAnimation
      objectReference: {fileID: 0}
    - target: {fileID: 7191102527534759217, guid: be9c1067fa684ff46923fd1d36c231c7,
        type: 3}
      propertyPath: m_LocalPosition.x
      value: 0
      objectReference: {fileID: 0}
    - target: {fileID: 7191102527534759217, guid: be9c1067fa684ff46923fd1d36c231c7,
        type: 3}
      propertyPath: m_LocalPosition.y
      value: 2
      objectReference: {fileID: 0}
    - target: {fileID: 7191102527534759217, guid: be9c1067fa684ff46923fd1d36c231c7,
        type: 3}
      propertyPath: m_LocalPosition.z
      value: 0
      objectReference: {fileID: 0}
    - target: {fileID: 7191102527534759217, guid: be9c1067fa684ff46923fd1d36c231c7,
        type: 3}
      propertyPath: m_LocalRotation.x
      value: 0
      objectReference: {fileID: 0}
    - target: {fileID: 7191102527534759217, guid: be9c1067fa684ff46923fd1d36c231c7,
        type: 3}
      propertyPath: m_LocalRotation.y
      value: 0
      objectReference: {fileID: 0}
    - target: {fileID: 7191102527534759217, guid: be9c1067fa684ff46923fd1d36c231c7,
        type: 3}
      propertyPath: m_LocalRotation.z
      value: 0
      objectReference: {fileID: 0}
    - target: {fileID: 7191102527534759217, guid: be9c1067fa684ff46923fd1d36c231c7,
        type: 3}
      propertyPath: m_LocalRotation.w
      value: 1
      objectReference: {fileID: 0}
    - target: {fileID: 7191102527534759217, guid: be9c1067fa684ff46923fd1d36c231c7,
        type: 3}
      propertyPath: m_RootOrder
      value: 1
      objectReference: {fileID: 0}
    - target: {fileID: 7191102527534759217, guid: be9c1067fa684ff46923fd1d36c231c7,
        type: 3}
      propertyPath: m_LocalEulerAnglesHint.x
      value: 0
      objectReference: {fileID: 0}
    - target: {fileID: 7191102527534759217, guid: be9c1067fa684ff46923fd1d36c231c7,
        type: 3}
      propertyPath: m_LocalEulerAnglesHint.y
      value: 0
      objectReference: {fileID: 0}
    - target: {fileID: 7191102527534759217, guid: be9c1067fa684ff46923fd1d36c231c7,
        type: 3}
      propertyPath: m_LocalEulerAnglesHint.z
      value: 0
      objectReference: {fileID: 0}
    m_RemovedComponents: []
  m_SourcePrefab: {fileID: 100100000, guid: be9c1067fa684ff46923fd1d36c231c7, type: 3}
--- !u!1 &7792011278969493094 stripped
GameObject:
  m_CorrespondingSourceObject: {fileID: 7191102527534759216, guid: be9c1067fa684ff46923fd1d36c231c7,
    type: 3}
  m_PrefabInstance: {fileID: 1146488671735589718}
  m_PrefabAsset: {fileID: 0}
--- !u!4 &7792011278969493095 stripped
Transform:
  m_CorrespondingSourceObject: {fileID: 7191102527534759217, guid: be9c1067fa684ff46923fd1d36c231c7,
    type: 3}
  m_PrefabInstance: {fileID: 1146488671735589718}
  m_PrefabAsset: {fileID: 0}
